AoeStats
← Licrovan

Arabia

510568983Analyzed
3v3 RM · 24h ago on Oct 1, 2026· 63m 46s· 6 players
Game mode
Random Map
Map size
Normal (6 player)
Population
200
Speed
Normal
Resources
Standard
Victory
Conquest
Starting age
Dark Age
Ending age
Imperial Age
RankedLock teamsTeams togetherTeam positionsShared explorationLock speedFull tech treeHidden civsTurbo modeCheats
Victory
Defeat
🇨🇳 Celts · China
845
+15
🇧🇷 Britons · Brazil
816
+16
🇺🇸 Gurjaras · United States
790
+17
🇳🇱 Chinese · Netherlands
984
-22
🇳🇱 Vietnamese · Netherlands
787
-15
🇳🇱 Franks · Netherlands
704
-13
glinesbrandon1
0:33 Loom
11:26 Feudal Age
22:39 Castle Age
27:56 Forging
42:23 Imperial Age
40:39 Fletching
41:18 Ballistics
44:30 Conscription
56:00 Chemistry
55:26 Double-Bit Axe
58:22 Scale Barding Armor
59:31 Gold Mining
dangoca
0:48 Loom
10:06 Feudal Age
12:03 Man-at-Arms
20:32 Castle Age
20:40 Pikeman
22:07 Horse Collar
26:56 Double-Bit Axe
28:37 Heavy Plow
38:36 Imperial Age
39:01 Cavalier
39:41 Husbandry
39:55 Gold Mining
39:55 Stone Mining
40:20 Murder Holes
41:27 Bow Saw
49:24 Elite Longbowman
53:28 Heavy Scorpion
56:08 Caravan
56:34 Forging
56:24 Scale Mail Armor
56:29 Scale Barding Armor
56:14 Fletching
56:25 Padded Archer Armor
60:56 Capped Ram
帅气的酷酷
0:34 Loom
11:30 Feudal Age
11:58 Double-Bit Axe
17:45 Castle Age
17:30 Gold Mining
17:32 Stone Mining
19:08 Bow Saw
21:26 Horse Collar
24:25 Heavy Plow
34:45 Imperial Age
33:44 Wheelbarrow
34:55 Hand Cart
36:06 Gold Shaft Mining
36:07 Stone Shaft Mining
35:55 Conscription
35:43 Caravan
37:26 Chemistry
38:27 Stronghold
38:38 Gambesons
38:39 Arson
39:41 Furor Celtica
40:40 Elite Woad Raider
41:27 Scale Mail Armor
41:38 Forging
41:33 Scale Barding Armor
41:29 Padded Archer Armor
41:19 Fletching
41:37 Siege Engineers
41:44 Fortified Wall
41:44 Masonry
41:56 Ballistics
41:32 Murder Holes
43:04 Coinage
42:45 Guilds
43:33 Onager
46:35 Chain Mail Armor
46:56 Iron Casting
46:41 Chain Barding Armor
46:37 Leather Archer Armor
46:17 Bodkin Arrow
48:27 Siege Onager
52:17 Pikeman
52:30 Man-at-Arms
53:29 Halberdier
54:17 Long Swordsman
57:04 Two-Handed Swordsman
59:05 Champion
62:52 Capped Ram
Ancrypto
12:37 Feudal Age
10:55 Loom
12:41 Feudal Age
15:08 Wheelbarrow
16:06 Fletching
16:17 Padded Archer Armor
19:23 Double-Bit Axe
19:20 Horse Collar
21:59 Castle Age
24:14 Crossbowman
25:43 Bodkin Arrow
28:26 Ballistics
35:56 Imperial Age
34:55 Hand Cart
35:07 Leather Archer Armor
40:41 Arbalester
Licrovan
7:20 Loom
10:26 Feudal Age
16:04 Double-Bit Axe
19:38 Scale Barding Armor
19:36 Scale Mail Armor
19:47 Scale Mail Armor
24:07 Castle Age
24:28 Light Cavalry
31:46 Gold Mining
38:30 Husbandry
41:29 Chain Barding Armor
41:25 Chain Mail Armor
42:11 Ballistics
44:25 Imperial Age
44:41 Cavalier
47:50 Plate Barding Armor
54:52 Paladin
ZeChaos
0:37 Loom
9:53 Feudal Age
13:05 Double-Bit Axe
16:47 Wheelbarrow
16:05 Horse Collar
18:22 Fletching
18:43 Forging
19:26 Bloodlines
25:35 Castle Age
23:52 Town Watch
24:31 Scale Barding Armor
25:37 Scale Mail Armor
26:00 Pikeman
26:49 Squires
27:31 Chain Mail Armor
27:51 Iron Casting
28:06 Pikeman
28:57 Bodkin Arrow
29:34 Hand Cart
34:55 Bow Saw
34:49 Heavy Plow
45:30 Imperial Age
46:04 Elite Fire Lancer
48:31 Plate Mail Armor
49:01 Blast Furnace
48:45 Arson
48:37 Capped Ram
51:31 Siege Ram
55:28 Bracer
61:25 Coinage
Connection lost

Rejoining the realm…

Still unreachable

The connection could not be restored.

Session expired

The server has moved on; the page needs a fresh start.